BSA
AUSTIN RIVER SHARKS @ CHICAGO MACHINE
09/02/2026
 
TOP OF THE 1ST
Austin River Sharks batting - Pitching for Chicago Machine : RHP Anthony Jackson
Pitching: RHP Anthony Jackson
Batting: LHB Bruno Lalonde 0-0: Foul Ball, location: 2F
0-1: Ball
1-1: Foul Ball, location: 2F
1-2: Fly out, F7 (Flyball, 78D)
Batting: RHB Ingo Backx 0-0: Called Strike
0-1: Called Strike
0-2: Ball
1-2: Foul Ball, location: 2F
1-2: Fly out, F9 (Flyball, 9LM)
Batting: SHB Juan Castro 0-0: Ground out 4-3 (Groundball, 4M)
Top of the 1st over - 0 run(s), 0 hit(s), 0 error(s), 0 left on base; Austin 0 - Chicago 0
BOTTOM OF THE 1ST
Chicago Machine batting - Pitching for Austin River Sharks : RHP Esteban Alfonzo
Pitching: RHP Esteban Alfonzo
Batting: RHB Roberto Cardona 0-0: Swinging Strike
0-1: Ball
1-1: Ball
2-1: Foul Ball, location: 2F
2-2: Ground out 5-3 (Groundball, 5)
Batting: LHB Bob Smith 0-0: Swinging Strike
0-1: Ball
1-1: Foul Ball, location: 2F
1-2: Ball
2-2: Foul Ball, location: 2F
2-2: Strikes out swinging
Batting: RHB Doug Stephens 0-0: Ball
1-0: Ball
2-0: Called Strike
2-1: Ball
3-1: Base on Balls
Batting: SHB José Alomar 0-0: Called Strike
0-1: Ball
1-1: Foul Ball, location: 2F
1-2: Foul Ball, location: 2F
1-2: SINGLE (Line Drive, 6D)
Doug Stephens to second
Batting: SHB Jesús Ramírez 0-0: Foul Ball, location: 2F
0-1: Foul Ball, location: 2F
0-2: Ball
1-2: Foul Ball, location: 2F
1-2: Ball
2-2: Foul Ball, location: 2F
2-2: Ball
3-2: 3-RUN HOME RUN (Flyball, 89XD), Distance : 426 ft
Batting: LHB Eric Wheeler 0-0: Called Strike
0-1: Fly out, F8 (Flyball, 8RD)
Bottom of the 1st over - 3 run(s), 2 hit(s), 0 error(s), 0 left on base; Austin 0 - Chicago 3
TOP OF THE 2ND
Austin River Sharks batting - Pitching for Chicago Machine : RHP Anthony Jackson
Batting: LHB Pedro Zaragoza 0-0: Ball
1-0: Ground out 4-3 (Groundball, 4M)
Batting: RHB Kenneth Roberts 0-0: Called Strike
0-1: Ball
1-1: Ball
2-1: Ball
3-1: Fly out, F9 (Flyball, 9M)
Batting: LHB Terry Maloney 0-0: Called Strike
0-1: Called Strike
0-2: Ball
1-2: Fly out, F7 (Flyball, 7S)
Top of the 2nd over - 0 run(s), 0 hit(s), 0 error(s), 0 left on base; Austin 0 - Chicago 3
BOTTOM OF THE 2ND
Chicago Machine batting - Pitching for Austin River Sharks : RHP Esteban Alfonzo
Batting: RHB Juan Vareas 0-0: Foul Ball, location: 2F
0-1: Fly out, F3 (Popup, 3S)
Batting: SHB Joaquín López 0-0: Ball
1-0: Swinging Strike
1-1: SINGLE (Groundball, 56D)
Batting: SHB Edward Bartlett 0-0: Called Strike
0-1: Ball
1-1: Ball
2-1: Ball
3-1: DOUBLE (Line Drive, 89S)
Joaquín López to third
Batting: RHB Roberto Cardona 0-0: Ball
1-0: Ball
2-0: Ball
3-0: Base on Balls
Batting: LHB Bob Smith 0-0: Ball
1-0: Ball
2-0: Ball
3-0: Base on Balls
Joaquín López scores
Edward Bartlett to third
Roberto Cardona to second
Batting: RHB Doug Stephens 0-0: Called Strike
0-1: SINGLE (Line Drive, 8RS)
Edward Bartlett scores
Roberto Cardona to third
Bob Smith to second
Batting: SHB José Alomar 0-0: Called Strike
0-1: Ball
1-1: Foul Ball, location: 2F
1-2: Strikes out looking
Batting: SHB Jesús Ramírez 0-0: Swinging Strike
0-1: Ball
1-1: Ball
2-1: Called Strike
2-2: Foul Ball, location: 2F
2-2: Foul Ball, location: 2F
2-2: Foul Ball, location: 2F
2-2: Ball
3-2: DOUBLE (Flyball, 89XD)
Roberto Cardona scores
Bob Smith scores
Doug Stephens to third
Doug Stephens scores
Batting: LHB Eric Wheeler 0-0: Foul Ball, location: 2F
0-1: Ball
1-1: Called Strike
1-2: Strikes out looking
Bottom of the 2nd over - 5 run(s), 4 hit(s), 0 error(s), 1 left on base; Austin 0 - Chicago 8
TOP OF THE 3RD
Austin River Sharks batting - Pitching for Chicago Machine : RHP Anthony Jackson
Batting: RHB Carlos Guzmán 0-0: Ball
1-0: Ball
2-0: Ball
3-0: Foul Ball, location: 2F
3-1: Base on Balls
Batting: RHB Orlando Bruno 0-0: Swinging Strike
0-1: Ball
1-1: Ball
2-1: Swinging Strike
2-2: Fielders Choice at 2nd, 6-4 (Groundball, 6M)
Batting: RHB Carlos Pérez 0-0: Foul Ball, location: 2F
0-1: Called Strike
Orlando Bruno steals 2nd base
0-2: Ground out 5-3 (Groundball, 5L)
Batting: LHB Bruno Lalonde 0-0: Called Strike
0-1: Ball
1-1: Foul Ball, location: 2F
1-2: Foul Ball, location: 2F
1-2: Foul Ball, location: 2F
1-2: Ball
2-2: Ball
3-2: Reached on error, E6 (Groundball, 6)
Orlando Bruno to third
Batting: RHB Ingo Backx 0-0: Ball
1-0: Ball
2-0: Foul Ball, location: 2F
2-1: Foul Ball, location: 2F
2-2: SINGLE (Line Drive, 56D)
Orlando Bruno scores
Bruno Lalonde to second
Batting: SHB Juan Castro 0-0: Swinging Strike
0-1: Swinging Strike
0-2: Strikes out looking
Top of the 3rd over - 1 run(s), 1 hit(s), 1 error(s), 2 left on base; Austin 1 - Chicago 8
BOTTOM OF THE 3RD
Chicago Machine batting - Pitching for Austin River Sharks : RHP Esteban Alfonzo
Batting: RHB Juan Vareas 0-0: Called Strike
0-1: Foul Ball, location: 2F
0-2: SINGLE (Groundball, 4D) (infield hit)
Batting: SHB Joaquín López 0-0: Ball
1-0: Ball
Error on foul ball, E3
2-1: Ball
3-1: Swinging Strike
3-2: Foul Ball, location: 2F
3-2: Strikes out swinging
Juan Vareas is caught stealing 2nd base
Batter strikes out.
Batting: SHB Edward Bartlett 0-0: Called Strike
0-1: Ground out 6-3 (Groundball, 6)
Bottom of the 3rd over - 0 run(s), 1 hit(s), 1 error(s), 0 left on base; Austin 1 - Chicago 8
TOP OF THE 4TH
Austin River Sharks batting - Pitching for Chicago Machine : RHP Anthony Jackson
Batting: LHB Pedro Zaragoza 0-0: Called Strike
0-1: Called Strike
0-2: Foul Ball, location: 2F
0-2: Ball
1-2: Ball
2-2: Ball
3-2: SOLO HOME RUN (Flyball, 7LD), Distance : 364 ft
Batting: RHB Kenneth Roberts 0-0: Foul Ball, location: 2F
0-1: Ground out 6-3 (Groundball, 56)
Batting: LHB Terry Maloney 0-0: Ball
1-0: Ball
2-0: Foul Ball, location: 2F
2-1: Fly out, F9 (Flyball, 89M)
Batting: RHB Carlos Guzmán 0-0: Ball
1-0: Ball
2-0: Called Strike
2-1: Ground out 6-3 (Groundball, 6)
Top of the 4th over - 1 run(s), 1 hit(s), 0 error(s), 0 left on base; Austin 2 - Chicago 8
BOTTOM OF THE 4TH
Chicago Machine batting - Pitching for Austin River Sharks : RHP Esteban Alfonzo
Pitching: RHP Lorenzo Vargas
Batting: RHB Roberto Cardona 0-0: Called Strike
0-1: Called Strike
0-2: Ball
1-2: Ball
2-2: Ground out 6-3 (Groundball, 6)
Batting: LHB Bob Smith 0-0: Called Strike
0-1: Called Strike
0-2: Ball
1-2: Foul Ball, location: 2F
1-2: SOLO HOME RUN (Flyball, 9D), Distance : 399 ft
Batting: RHB Doug Stephens 0-0: Ball
1-0: Foul Ball, location: 2F
1-1: Swinging Strike
1-2: Fly out, F5 (Popup, 5SF)
Batting: SHB José Alomar 0-0: Ball
1-0: Ball
2-0: Foul Ball, location: 2F
2-1: SINGLE (Line Drive, 34)
Batting: SHB Jesús Ramírez 0-0: Ball
1-0: Ball
2-0: Called Strike
2-1: Ball
3-1: Base on Balls
José Alomar to second
Batting: LHB Eric Wheeler 0-0: Ball
1-0: Ball
2-0: Swinging Strike
2-1: Ball
3-1: Foul Ball, location: 2F
3-2: Fly out, F7 (Flyball, 7M)
Bottom of the 4th over - 1 run(s), 2 hit(s), 0 error(s), 2 left on base; Austin 2 - Chicago 9
TOP OF THE 5TH
Austin River Sharks batting - Pitching for Chicago Machine : RHP Anthony Jackson
Batting: RHB Orlando Bruno 0-0: Ground out 6-3 (Groundball, 6)
Batting: RHB Carlos Pérez 0-0: Ball
1-0: Called Strike
1-1: SINGLE (Flyball, 8RS)
Batting: LHB Bruno Lalonde 0-0: Ball
1-0: Called Strike
1-1: Ball
2-1: Ball
3-1: Base on Balls
Carlos Pérez to second
Batting: RHB Ingo Backx 0-0: Ball
Carlos Pérez steals 3rd base
Bruno Lalonde to second
1-0: Called Strike
1-1: Swinging Strike
1-2: Foul Ball, location: 2F
1-2: Fly out, F9 (Popup, 9LS)
Runner from 3rd tags up, SCORES, throw made
Batting: SHB Juan Castro 0-0: Ball
1-0: Swinging Strike
1-1: Foul Ball, location: 2F
1-2: Foul Ball, location: 2F
1-2: Strikes out swinging
Top of the 5th over - 1 run(s), 1 hit(s), 0 error(s), 1 left on base; Austin 3 - Chicago 9
BOTTOM OF THE 5TH
Chicago Machine batting - Pitching for Austin River Sharks : RHP Lorenzo Vargas
Batting: RHB Juan Vareas 0-0: Ball
1-0: Foul Ball, location: 2F
1-1: Foul Ball, location: 2F
1-2: Strikes out swinging
Batting: SHB Joaquín López 0-0: Swinging Strike
0-1: Ball
1-1: Fly out, F8 (Line Drive, 8RS)
Batting: SHB Edward Bartlett 0-0: Ball
1-0: Fly out, F8 (Flyball, 89M)
Bottom of the 5th over - 0 run(s), 0 hit(s), 0 error(s), 0 left on base; Austin 3 - Chicago 9
TOP OF THE 6TH
Austin River Sharks batting - Pitching for Chicago Machine : RHP Anthony Jackson
Pitching: LHP John Lane
Batting: LHB Pedro Zaragoza 0-0: Ball
1-0: Ball
2-0: Ball
3-0: Called Strike
3-1: SINGLE (Groundball, 56)
Batting: RHB Kenneth Roberts 0-0: Called Strike
0-1: Called Strike
0-2: Ball
1-2: Ball
2-2: Foul Ball, location: 2F
2-2: Fly out, F9 (Flyball, 89M)
Batting: LHB Terry Maloney 0-0: Called Strike
0-1: Ball
1-1: Ball
2-1: SINGLE (Groundball, 56) (infield hit)
Pedro Zaragoza to second
Batting: RHB Carlos Guzmán 0-0: Called Strike
Pedro Zaragoza steals 3rd base
Terry Maloney to second
0-1: Foul Ball, location: 2F
0-2: Fly out, F5 (Line Drive, 5)
Batting: RHB Orlando Bruno 0-0: Foul Ball, location: 2F
0-1: Ball
1-1: Foul Ball, location: 2F
1-2: Ball
2-2: Ball
3-2: Fly out, F8 (Flyball, 8LD)
Top of the 6th over - 0 run(s), 2 hit(s), 0 error(s), 2 left on base; Austin 3 - Chicago 9
BOTTOM OF THE 6TH
Chicago Machine batting - Pitching for Austin River Sharks : RHP Lorenzo Vargas
Batting: RHB Roberto Cardona 0-0: Called Strike
0-1: SINGLE (Groundball, 6MD)
Batting: LHB Bob Smith 0-0: Foul Ball, location: 2F
0-1: Ball
1-1: Foul Ball, location: 2F
1-2: Fly out, F3 (Line Drive, 3)
Pitching: RHP Ricardo Sánchez
Batting: RHB Doug Stephens 0-0: Swinging Strike
0-1: Ball
1-1: Ball
Roberto Cardona is caught stealing 2nd base
2-1: Ground out 5-3 (Groundball, 5S)
Bottom of the 6th over - 0 run(s), 1 hit(s), 0 error(s), 0 left on base; Austin 3 - Chicago 9
TOP OF THE 7TH
Austin River Sharks batting - Pitching for Chicago Machine : LHP John Lane
Batting: RHB Carlos Pérez 0-0: Ground out 6-3 (Groundball, 6S)
Batting: LHB Bruno Lalonde 0-0: Ball
1-0: Foul Ball, location: 2F
1-1: Ground out U3 (Groundball, 3S)
Batting: RHB Ingo Backx 0-0: Foul Ball, location: 2F
0-1: Ball
1-1: Swinging Strike
1-2: Ball
2-2: Ground out 6-3 (Groundball, 6M)
Top of the 7th over - 0 run(s), 0 hit(s), 0 error(s), 0 left on base; Austin 3 - Chicago 9
BOTTOM OF THE 7TH
Chicago Machine batting - Pitching for Austin River Sharks : RHP Ricardo Sánchez
Batting: SHB José Alomar 0-0: Swinging Strike
0-1: Ball
1-1: Called Strike
1-2: Foul Ball, location: 2F
1-2: SINGLE (Groundball, 34)
Batting: SHB Jesús Ramírez 0-0: Called Strike
0-1: Foul Ball, location: 2F
0-2: Ball
1-2: Strikes out swinging
Batting: LHB Eric Wheeler 0-0: Ball
José Alomar steals 2nd base
1-0: Called Strike
1-1: Ball
2-1: Ball
3-1: SINGLE (Groundball, 3D)
José Alomar to third
Runner from 3rd tries for Home, SAFE, no throw or cutoff
Batting: RHB Juan Vareas 0-0: Called Strike
0-1: Ball
1-1: Ball
2-1: Grounds into double play, 5-4-3 (Groundball, 5)
Bottom of the 7th over - 1 run(s), 2 hit(s), 0 error(s), 0 left on base; Austin 3 - Chicago 10
TOP OF THE 8TH
Austin River Sharks batting - Pitching for Chicago Machine : LHP John Lane
Pitching: RHP António Mata
Batting: SHB Juan Castro 0-0: Ball
1-0: Swinging Strike
1-1: Foul Ball, location: 2F
1-2: Ball
2-2: Strikes out swinging
Batting: LHB Pedro Zaragoza 0-0: Ball
1-0: Foul Ball, location: 2F
1-1: Ground out 6-3 (Groundball, 6M)
Batting: RHB Kenneth Roberts 0-0: Ball
1-0: Called Strike
1-1: Ball
2-1: SINGLE (Groundball, 56) (infield hit)
Batting: LHB Terry Maloney 0-0: Called Strike
0-1: Foul Ball, location: 2F
0-2: Foul Ball, location: 2F
0-2: Ground out 5-3 (Groundball, 5L)
Top of the 8th over - 0 run(s), 1 hit(s), 0 error(s), 1 left on base; Austin 3 - Chicago 10
BOTTOM OF THE 8TH
Chicago Machine batting - Pitching for Austin River Sharks : RHP Ricardo Sánchez
Batting: SHB Joaquín López 0-0: Foul Ball, location: 2F
0-1: Ball
1-1: Ground out U3 (Groundball, 3)
Pitching: RHP Jim Hendon
Batting: SHB Edward Bartlett 0-0: Ground out U3 (Groundball, 3)
Batting: RHB Roberto Cardona 0-0: Ball
1-0: Called Strike
1-1: Called Strike
1-2: Strikes out swinging
Bottom of the 8th over - 0 run(s), 0 hit(s), 0 error(s), 0 left on base; Austin 3 - Chicago 10
TOP OF THE 9TH
Austin River Sharks batting - Pitching for Chicago Machine : RHP António Mata
Now at C: Rick Ayliffe
Now at 1B: Alberto Ramos
Batting: RHB Carlos Guzmán 0-0: Swinging Strike
0-1: Fly out, F9 (Line Drive, 9D)
Batting: RHB Orlando Bruno 0-0: Ball
1-0: Ball
2-0: Ball
3-0: Called Strike
3-1: Fly out, F9 (Flyball, 9LM)
Batting: RHB Carlos Pérez 0-0: Ball
1-0: SINGLE (Groundball, 6MD)
Batting: LHB Bruno Lalonde 0-0: Ball
1-0: Foul Ball, location: 2F
1-1: Called Strike
1-2: Ball
2-2: Ground out 1-3 (Groundball, 13S)
Top of the 9th over - 0 run(s), 1 hit(s), 0 error(s), 1 left on base; Austin 3 - Chicago 10
Monday, December 5th, 2016 - OOTP Baseball 17.12 Build 75